AoeStats
← sakshamkumar.1997

Arabia

510201896Analyzed
1v1 RM · 3d ago on Sep 29, 2026· 43m 7s· 2 players
Game mode
Random Map
Map size
Tiny (2 player)
Population
200
Speed
Normal
Resources
Standard
Victory
Conquest
Starting age
Dark Age
Ending age
Imperial Age
RankedLock teamsTeams togetherTeam positionsShared explorationLock speedFull tech treeHidden civsTurbo modeCheats
Victory
Defeat
🇺🇸 Spanish · United States
775
+16
🇪🇸 Persians · Spain
772
-16
SweatySocksJuice
6:43 Loom
12:48 Feudal Age
14:03 Double-Bit Axe
14:55 Wheelbarrow
14:34 Horse Collar
16:56 Town Watch
20:45 Castle Age
20:38 Gold Mining
20:39 Stone Mining
21:03 Scale Barding Armor
21:09 Forging
23:33 Hand Cart
23:38 Town Patrol
28:25 Heavy Plow
31:15 Chain Barding Armor
34:49 Imperial Age
33:48 Bow Saw
33:38 Fletching
33:49 Padded Archer Armor
36:17 Kamandaran
38:04 Bodkin Arrow
38:33 Leather Archer Armor
43:25 Two-Man Saw
43:31 Ring Archer Armor
sakshamkumar.1997
11:24 Feudal Age
9:40 Loom
12:35 Double-Bit Axe
13:27 Wheelbarrow
23:31 Castle Age
24:09 Pikeman
24:50 Squires
24:56 Squires
25:58 Gold Mining
26:55 Forging
26:35 Fletching
26:47 Scale Mail Armor
27:42 Town Watch
32:29 Sanctity
32:51 Inquisition
35:51 Imperial Age
34:59 Fervor
36:37 Iron Casting
36:18 Chain Mail Armor
35:59 Bodkin Arrow
38:31 Light Cavalry
38:31 Cavalier
39:29 Bloodlines
39:19 Husbandry
40:25 Theocracy
41:55 Scale Barding Armor
41:51 Bracer
41:52 Padded Archer Armor
Connection lost

Rejoining the realm…

Still unreachable

The connection could not be restored.

Session expired

The server has moved on; the page needs a fresh start.